← All builds
Tech / Armada / Economy first / OBSERVED BUILD

Standard tech

Armada Tech (Eco) build order · Supreme Isthmus

Rushes T2 factory and Advanced Metal Extractor while supplying T2 and T1 constructors to teammates like Geo, then transitions into Citadel/Platypus/Umbrella defence as the game develops.

Usually first T2 con to Geo (85%)

#eco #t2 #team support · 772 distinct matches · 109 players · 59% of Armada Tech games · team won 53% of 893 · Recently observed

HOW TO PLAY IT

Key timing: T2 lab by 4:15

  1. Take 3 mex, then wind and a Bot Lab to open eco fast.
  2. Push T2 lab out, aim to pass T2 to air player.
  3. Get first T2 constructor building, prioritize mex upgrades over eco.
  4. Finish Advanced Metal Extractor, keep upgrading team's mex.
  5. Add fus and anti-nuke, keep feeding T2 cons and Umbrella/Citadel to team.

Phase by phase

TYPICAL OF ITS 772 GAMES
  1. 1
  2. 2
  3. 3
  4. 4
PLAY THE OPENING

Follow the example game's first 6:00 step by step: what to build now, what comes next, and where it goes. At 1× it keeps pace with your own game.

  1. 1

    Up to the Bot Lab

    Economy
    • Metal Extractor3Mex
    • Wind Turbine4Wind
    Order
    1. Bot LabBot Lab after 3 mex, 4 winddone ~1:17, middle half 1:13–1:32

    Some games also: energy storage (30%)

    By 1:01 in all: 3 mex · 4 wind

    The example game in this phase · 3 steps
    1. Mex ×3
    2. Wind ×4
    3. Bot LabBot Labdone 1:13 · typical 1:17
  2. 2

    Bot Lab to Advanced Bot Lab

    Economy
    • Metal Extractor1Mex
    • Wind Turbine8Wind
    • Energy Storage1Energy storage
    Order
    1. Advanced Bot LabAdvanced Bot Lab after 4 mex, 12 wind, 3 con turretdone ~4:15, middle half 4:04–4:27
    Builders
    • Construction Turret3 Con turret
    • Lazarus3 Lazarus
    • Construction Bot2 Con bot
    • Construction Bot1 Con bot for allies

    Some games also: converter (36%)

    By 3:19 in all: 4 mex · 12 wind · 1 energy storage · 3 con turret

    The example game in this phase · 18 steps
    1. Wind
    2. Construction BotCon bot
    3. Wind ×2
    4. LazarusLazarus
    5. Construction BotCon bot
    6. Con turret
    7. Mex
    8. Con turret
    9. Wind ×3
    10. Con turret
    11. Wind ×3
    12. Converter
    13. Wind
    14. Converter
    15. Wind ×2
    16. Converter
    17. Wind
    18. Advanced Bot LabAdvanced Bot Labdone 4:08 · typical 4:15
  3. 3

    Advanced Bot Lab to 5:00

    Economy
    • Wind Turbine2Wind
    Builders
    • Advanced Construction Bot1 T2 con bot for allies

    Some games also: converter (36%)

    By 5:00 in all: 4 mex · 15 wind · 2 converter · 1 energy storage · 3 con turret

    The example game in this phase · 5 steps
    1. Wind ×2
    2. Advanced Construction BotT2 con botfor Air
    3. Advanced Construction BotT2 con bot
    4. Advanced Metal ExtractorT2 mexdone 4:48 · typical 5:29
    5. Advanced Construction BotT2 con botfor Geo sea
  4. 4

    5:00 to 10:00

    Economy
    • Wind Turbine44Wind
    • Energy Converter6Converter
    Builders
    • Butler8 Butler
    • Advanced Construction Bot4 T2 con bot for allies
    • Advanced Construction Bot1 T2 con bot

    Some games also: con turret (47%) · Butler for allies (38%)

    By 10:00 in all: 4 mex · 59 wind · 8 converter · 1 energy storage · 3 con turret

    The example game in this phase · 192 steps
    1. Advanced Metal ExtractorT2 mex
    2. Wind
    3. Advanced Construction BotT2 con botfor Beach sea
    4. Wind ×7
    5. Advanced Metal ExtractorT2 mex
    6. Wind ×2
    7. Advanced Construction BotT2 con botfor Pond
    8. Energy storage
    9. Metal storage
    10. ButlerButler
    11. Advanced Metal ExtractorT2 mex
    12. ButlerButler ×5
    13. Wind ×2
    14. ButlerButler
    15. Wind ×2
    16. ButlerButler
    17. Wind ×2
    18. ButlerButler
    19. Wind
    20. Converter
    21. Wind ×3
    22. ButlerButler
    23. Wind ×2
    24. Converter
    25. Wind ×4
    26. Converter
    27. Wind
    28. Advanced Construction BotT2 con bot
    29. Wind ×3
    30. Converter
    31. Wind
    32. Converter
    33. Wind
    34. Converter
    35. Wind ×2
    36. Converter
    37. Wind ×3
    38. Converter
    39. Wind
    40. Converter
    41. Wind ×2
    42. CitadelAnti-nukedone 11:03
    43. Wind ×2
    44. Converter
    45. Wind ×2
    46. Converter
    47. Wind ×4
    48. Converter ×2
    49. Wind ×4
    50. Con turret
    51. Wind ×2
    52. Converter ×2
    53. Wind ×3
    54. Con turret
    55. Wind ×2
    56. Converter
    57. Wind
    58. Converter
    59. Wind ×3
    60. Con turret
    61. Wind
    62. Con turret
    63. Wind ×2
    64. Converter ×2
    65. Wind ×4
    66. Con turret
    67. Converter
    68. Wind
    69. Converter
    70. Wind
    71. Con turret
    72. Wind
    73. Con turret
    74. Wind ×4
    75. Converter
    76. Wind
    77. Converter
    78. Wind ×6
    79. Converter ×2
    80. Wind ×4
    81. Converter ×2
    82. Wind ×7
    83. Converter
    84. Wind ×2
    85. TracerTracer
    86. Wind ×2
    87. Converter
    88. Wind ×3
    89. Fusion ReactorFusiondone 11:56
    90. Wind ×2
    91. Converter
    92. Wind
    93. Converter
    94. Wind ×6
    95. Converter ×2
    96. Wind ×2
    97. Converter
    98. Wind
    99. Converter
    100. Wind ×4
    101. Converter ×2
    102. Wind ×4
    103. Converter ×2
    104. Wind ×8
    105. Converter ×2
    106. Wind ×8
    107. Converter ×2
    108. T2 converter
    109. Wind ×6
    110. Converter ×2
    111. Wind ×6
    112. Converter
    113. T2 converter
    114. Wind
    115. Converter
    116. Aircraft PlantAircraft Plantdone 12:59
    117. Wind ×4
    118. Converter
    119. Wind ×2
    120. Converter
    121. Wind ×4
    122. Converter
    123. Wind
    124. Con turret
    125. FalconFighterfor Air
    126. Converter
    127. Wind ×2
    128. FalconFighterfor Air
    129. Wind ×2
    130. FalconFighter ×2for Air
    131. Converter
    132. Wind ×2
    133. FalconFighter ×2for Air
    134. Converter
    135. Wind ×2
    136. FalconFighter ×2for Air
    137. Wind
    138. FalconFighterfor Air
    139. Converter
    140. FalconFighterfor Air
    141. Wind ×2
    142. FalconFighterfor Air
    143. Converter
    144. FalconFighterfor Air
    145. Wind
    146. FalconFighterfor Air
    147. Wind
    148. FalconFighterfor Air
    149. Converter
    150. FalconFighter ×2for Air
    151. Wind
    152. FalconFighterfor Air
    153. Converter
    154. Wind
    155. FalconFighter ×3for Air
    156. Wind
    157. FalconFighter ×2for Air
    158. Converter
    159. FalconFighterfor Air
    160. Wind
    161. FalconFighter ×2for Air
    162. StormbringerBomberfor Air
    163. Wind
    164. Converter
    165. StormbringerBomberfor Air
    166. Wind
    167. StormbringerBomberfor Air
    168. Wind
    169. StormbringerBomberfor Air
    170. Wind
    171. StormbringerBomberfor Air
    172. Converter
    173. Wind
    174. StormbringerBomberfor Air
    175. Wind
    176. StormbringerBomberfor Air
    177. Wind
    178. StormbringerBomber ×2for Air
    179. Wind ×2
    180. StormbringerBomber ×2for Air
    181. Wind
    182. StormbringerBomberfor Air
    183. Wind
    184. StormbringerBomberfor Air
    185. StormbringerBomber
    186. Wind ×2
    187. Construction AircraftCon aircraft
    188. Wind ×4
    189. Fusion ReactorFusion
    190. Wind ×2
    191. Con turret
    192. Wind

Counts are medians over the build's games: half of them build more, half fewer. The example game is Derpiederp's (49 OS, 19/09/2026); pick another.

Team trades

IN AT LEAST 30% OF ITS GAMES

You hand over

  • Construction Bot1 Con bot to Airfirst at 2:22 · in 88% of games
  • Advanced Construction Bot5 T2 con bot to Air or Pond or Geo seafirst at 4:47 · in 99% of games
  • Sharpshooter2 Sniper bot to Pondfirst at 5:21 · in 33% of games
  • Butler2 Butler to Geo sea or Beach sea or Pondfirst at 9:03 · in 42% of games

You get

  • Hercules1 Light transport from Airfirst at 4:00 · in 85% of games

How it plays out

Typical game of this build, running totals by minute

Metal produced

020k40k
0:005:0010:0015:00

metal

Enemy metal destroyed

0200400
0:005:0010:0015:00

metal

Own metal lost

0100200300
0:005:0010:0015:00

metal

893 games.

Show as table
ByMetal produced: This buildEnemy metal destroyed: This buildOwn metal lost: This build
1:0038300
2:0091500
3:00164200
4:00315100
5:00486600
6:00580800
7:00723000
8:00907000
9:001124900
10:001357900
11:001640900
12:001997300
13:002378500
14:002755490104
15:0031617323204
WHAT THE NUMBERS SAY

This is the role's baseline and wins slightly more than half its games with a huge metal lead but almost no kills, showing its value is economic not combat.

  • + Produces 31389 metal by 15:00, far above other roles.
  • + Reaches T2 lab and constructor by 4:15-4:33 almost every game.
  • − Barely destroys any enemy metal (400 by 15:00), no combat presence.
  • − Fusion Reactor and anti-nuke only land in 44% of games.
THE EXAMPLE YOU ARE READING

Derpiederp

49.0 OS · 19/09/2026

Open source match ↗

1 received units
679 metal received · 51186 energy received

Allied construction assistance is unknown. Timings are observations, not a promise of solo reproducibility.

Typical milestones

Bot Lab1:17Middle 50%: 1:13–1:32 · n=893
Advanced Bot Lab4:15Middle 50%: 4:04–4:27 · n=887
Advanced Metal Extractor5:29Middle 50%: 5:06–5:59 · n=891

Played most by

Amrissa100games of this buildSyphos40games of this buildKOT_38games of this buildAdeus34games of this buildTeaner34games of this build